Map: Ruines d’Endion

Players

zidar - Winner!

  • Race: Zerg Zerg
  • League: Gold
  • Spawn Location: 7:00

zadrim

  • Race: Protoss Protoss
  • League: Gold
  • Spawn Location: 5:00

VOD

Have the link to the VOD?

Description

Time

  • Played on: June 15, 2016, 3:10 p.m.
  • Length: 13:10
Show
View Real Time Build Order
Export as new Build Order

zidar Zerg - Winner!

Build Orders: Pool First 

Get SALT Encoding   

  12  0:01  Drone  
  13  0:12  Overlord  
  13  0:20  Drone  
  14  0:30  Drone  
  14  0:31  Drone  
  16  0:48  Spawning Pool, Drone  
  16  1:15  Hatchery  
  16  1:16  Drone  
  16  1:19  Extractor  
  16  1:22  Drone  
  16  1:37  Queen  
  18  1:51  Overlord  
  18  1:52  Drone x2  
  20  2:02  Drone  
  21  2:12  Queen  
  23  2:26  Zergling x4  
  24  2:39  Drone  
  24  2:41  Metabolic Boost  
  25  2:48  Zergling x10  
  30  2:54  Drone x2  
  32  2:59  Overlord  
  32  3:11  Zergling x2  
  32  3:12  Zergling x2  
  34  3:15  Zergling x2  
  35  3:25  Zergling x2  
  35  3:26  Zergling x10  
  41  3:49  Overlord  
  41  3:50  Overlord x2  
  41  4:00  Extractor  
  30  4:36  Zergling x28  
  38  4:53  Zergling x4  
  40  5:01  Zergling x4  
  42  5:11  Zergling x4  
  43  5:27  Zergling x8  
  43  5:28  Zergling x6  
  44  5:42  Zergling x4  
  37  5:57  Zergling x12  
  43  6:05  Drone x2  
  35  6:40  Zergling x4  
  35  6:41  Zergling x16  
  37  6:59  Zergling x2  
  37  7:00  Zergling x6  
  40  7:10  Drone  
  41  7:16  Zergling x6  
  44  7:24  Lair  
  44  7:32  Roach Warren  
  28  7:59  Zergling x16  
  28  8:03  Drone  
  35  8:13  Zergling x12  
  41  8:23  Hatchery  
  40  8:29  Hydralisk Den  
  39  8:41  Zergling x14  
  46  8:50  Zergling x2  
  38  9:06  Roach x7  
  51  9:27  Roach x4  
  47  10:17  Zergling x12  
  47  10:18  Roach x6  
  60  10:39  Ravager x6  
  66  10:44  Overlord x2  
  66  10:45  Overlord x2  
  45  11:58  Roach  
  45  11:59  Roach x9  
  53  12:48  Roach x6  
  63  12:55  Ravager  
  61  13:00  Ravager  
  61  13:01  Ravager x2  
Show
View Real Time Build Order
Export as new Build Order

zadrim Protoss 

Build Orders:  

Get SALT Encoding   

  12  0:03  Probe (Chrono Boost)  
  14  0:14  Probe (Chrono Boost)  
  14  0:26  Probe (Chrono Boost), Pylon  
  15  0:44  Probe (Chrono Boost)  
  16  0:51  Gateway  
  16  0:54  Probe (Chrono Boost)  
  17  1:05  Probe (Chrono Boost)  
  18  1:12  Pylon  
  18  1:13  Gateway  
  18  1:16  Probe (Chrono Boost)  
  18  1:17  Assimilator  
  19  1:29  Probe (Chrono Boost)  
  20  1:38  Zealot  
  20  1:39  Probe (Chrono Boost)  
  23  1:51  Cybernetics Core  
  23  1:54  Assimilator  
  23  1:55  Probe (Chrono Boost)  
  24  2:02  Zealot  
  24  2:06  Probe (Chrono Boost)  
  27  2:24  Probe (Chrono Boost)  
  27  2:25  Pylon  
  28  2:33  Adept  
  30  2:43  Stalker  
  31  2:48  Robotics Facility  
  31  2:59  Robotics Facility  
  31  3:06  Zealot  
  33  3:16  Pylon  
  33  3:18  Zealot  
  35  3:20  Forge  
  35  3:40  Robotics Facility  
  35  3:47  Immortal (Chrono Boost)  
  39  3:51  Warp Gate  
  39  3:54  Protoss Ground Weapons Level 1  
  39  3:58  Zealot (Chrono Boost)  
  39  4:01  Adept (Chrono Boost)  
  43  4:16  Mothership Core  
  33  4:30  Zealot (Chrono Boost)  
  35  4:32  Immortal (Chrono Boost)  
  31  4:50  Zealot  
  37  4:53  Immortal (Chrono Boost)  
  37  4:59  Zealot  
  39  5:10  Immortal (Chrono Boost)  
  29  5:56  Immortal (Chrono Boost)  
  33  5:59  Immortal (Chrono Boost)  
  33  6:00  Zealot x2  
  41  6:14  Photon Cannon  
  22  6:40  Probe  
  23  6:52  Probe (Chrono Boost)  
  23  6:53  Zealot  
  22  6:56  Adept  
  24  7:04  Probe (Chrono Boost)  
  24  7:06  Immortal (Chrono Boost)  
  30  7:15  Probe (Chrono Boost)  
  30  7:19  Adept  
  32  7:26  Probe (Chrono Boost)  
  32  7:29  Adept  
  33  7:51  Adept x2  
  27  8:10  Immortal (Chrono Boost)  
  31  8:14  Adept  
  33  8:23  Adept  
  35  8:35  Adept  
  37  8:44  Adept  
  29  9:49  Immortal (Chrono Boost)  
  23  10:07  Adept  
  23  10:08  Adept  
  27  10:18  Nexus  
  27  10:21  Pylon  
  27  10:44  Adept  
  29  11:03  Sentry  
  25  11:14  Sentry  
  19  11:24  Mothership Core (Chrono Boost)  
  17  11:56  Probe  
  18  12:03  Adept  
  18  12:04  Adept  
  18  12:06  Probe  
  19  12:24  Sentry, Pylon  
  17  12:54  Probe  
Tags
 
Add a new tag
Caveats
  • Supply blocks, unpowered buildings, or Contaminate may cause inaccurate times.
  • Supply counts are checked every 10 seconds.